Map: [ESL] Oceanborn

Players

Firefly - Winner!

  • Race: Protoss Protoss
  • Spawn Location: 11:00

Kelazhur

  • Race: Terran Terran
  • Spawn Location: 5:00

Event: IEM Katowice 2024

VOD

Have the link to the VOD?

Description

Time

  • Played on: Feb. 10, 2024, 8:20 a.m.
  • Length: 12:15

All games in this series

Show
View Real Time Build Order
Export as new Build Order

Firefly Protoss - Winner!

Build Orders: 1 Gate Expand, Blink Stalkers, Chargelot Immortal 

Get SALT Encoding   

  12  0:00  Probe  
  13  0:12  Probe  
  14  0:17  Pylon  
  14  0:24  Probe  
  15  0:35  Gateway  
  15  0:38  Probe (Chrono Boost)  
  16  0:47  Probe (Chrono Boost)  
  16  0:48  Assimilator  
  17  0:52  Probe (Chrono Boost)  
  18  1:04  Probe  
  19  1:16  Probe  
  20  1:22  Cybernetics Core  
  20  1:34  Nexus  
  20  1:40  Pylon  
  20  1:43  Probe  
  21  1:49  Assimilator  
  21  1:55  Probe  
  21  1:57  Warp Gate (Chrono Boost), Adept (Chrono Boost)  
  24  2:07  Probe  
  25  2:19  Probe  
  25  2:20  Adept  
  28  2:31  Probe  
  28  2:32  Twilight Council  
  29  2:37  Gateway  
  29  2:43  Probe  
  30  2:46  Probe  
  31  2:56  Probe  
  32  2:59  Shield Battery, Probe  
  32  3:01  Blink (Chrono Boost)  
  33  3:08  Probe  
  33  3:11  Probe  
  35  3:20  Probe  
  35  3:23  Pylon, Probe  
  37  3:32  Probe  
  37  3:35  Probe  
  37  3:39  Stalker x2  
  42  3:44  Probe  
  42  3:47  Probe  
  44  3:56  Probe  
  44  3:59  Probe  
  46  4:02  Stalker  
  46  4:03  Stalker  
  46  4:08  Probe  
  51  4:11  Probe  
  51  4:13  Nexus  
  52  4:19  Pylon  
  52  4:20  Probe  
  52  4:23  Probe  
  54  4:35  Forge  
  54  4:37  Probe x2  
  56  4:39  Shield Battery  
  56  4:40  Charge  
  56  4:44  Stalker x2  
  60  4:49  Probe x2  
  62  4:56  Protoss Ground Armor Level 1 (Chrono Boost)  
  62  5:02  Probe  
  62  5:06  Probe  
  62  5:12  Gateway  
  62  5:14  Probe  
  61  5:15  Robotics Facility, Gateway  
  61  5:18  Probe  
  62  5:25  Probe  
  62  5:26  Sentry, Probe  
  66  5:30  Probe  
  66  5:31  Gateway  
  66  5:32  Gateway  
  67  5:37  Probe  
  67  5:38  Probe  
  67  5:41  Pylon  
  67  5:42  Pylon, Probe  
  70  5:49  Probe  
  71  5:50  Oracle  
  71  5:54  Gateway x2  
  71  5:56  Zealot x2  
  75  5:58  Warp Prism (Chrono Boost)  
  77  6:08  Shield Battery  
  77  6:12  Sentry x2, Photon Cannon  
  81  6:24  Immortal (Chrono Boost), Pylon  
  85  6:25  Zealot x3  
  85  6:28  Pylon  
  85  6:31  Pylon  
  91  6:37  Zealot  
  93  6:43  Pylon  
  93  6:46  Zealot x4  
  101  6:50  Stalker  
  101  6:52  Protoss Ground Weapons Level 1 (Chrono Boost)  
  101  7:05  Nexus  
  101  7:06  Probe x3, Pylon  
  101  7:07  Assimilator  
  104  7:09  Pylon  
  104  7:10  Assimilator  
  104  7:11  Immortal (Chrono Boost)  
  108  7:18  Probe x2  
  108  7:19  Probe  
  111  7:24  Assimilator  
  111  7:27  Assimilator  
  111  7:31  Pylon  
  111  7:33  Photon Cannon  
  111  7:42  Immortal (Chrono Boost)  
  109  7:48  Robotics Bay  
  109  7:51  Probe x3  
  114  7:57  Zealot x6, Pylon  
  128  7:59  Pylon  
  128  8:03  Probe x3  
  131  8:09  Stalker  
  131  8:10  Photon Cannon  
  131  8:12  Shield Battery  
  131  8:24  Immortal (Chrono Boost)  
  131  8:25  Probe x2  
  136  8:28  Probe x2  
  138  8:37  Probe x2  
  138  8:38  Extended Thermal Lance  
  138  8:40  Robotics Facility, Pylon  
  140  8:42  Pylon  
  140  8:44  Protoss Ground Armor Level 2 (Chrono Boost)  
  140  8:45  Photon Cannon x2  
  138  8:50  Forge  
  138  8:55  Probe x2  
  132  8:56  Colossus (Chrono Boost)  
  132  8:58  Probe  
  139  9:04  Photon Cannon  
  139  9:13  Stalker x4  
  143  9:33  Zealot x4  
  143  9:38  Colossus (Chrono Boost)  
  151  9:40  Colossus (Chrono Boost)  
  151  9:45  Zealot x4  
  167  9:48  Nexus  
  167  10:03  Protoss Ground Weapons Level 2 (Chrono Boost)  
  163  10:09  Stalker x4  
  171  10:16  Zealot  
  171  10:20  Pylon  
  174  10:21  Dark Shrine  
  174  10:22  Warp Prism (Chrono Boost), Pylon  
  174  10:23  Observer (Chrono Boost)  
  174  10:31  Gateway  
  174  10:33  Gateway  
  174  10:34  Gateway  
  172  10:36  Gateway  
  172  10:45  Stalker x8  
  181  11:16  Zealot x4  
  181  11:17  Zealot x4  
  172  11:35  Stalker x4  
  180  11:41  Stalker x8  
  196  12:01  Dark Templar x4  
Show
View Real Time Build Order
Export as new Build Order

Kelazhur Terran 

Build Orders: 1/1/1 

Get SALT Encoding   

  12  0:00  SCV  
  13  0:12  SCV  
  14  0:16  Supply Depot  
  14  0:24  SCV  
  15  0:38  SCV  
  15  0:39  Barracks  
  15  0:42  Refinery  
  16  0:50  SCV  
  16  0:52  Refinery  
  17  1:02  SCV  
  18  1:14  SCV  
  19  1:24  Supply Depot  
  19  1:25  Reaper  
  19  1:28  Orbital Command  
  20  1:42  Factory  
  20  1:54  SCV  
  20  1:57  Barracks Reactor  
  21  2:06  SCV  
  22  2:16  Command Center  
  22  2:19  SCV  
  23  2:29  Starport  
  23  2:31  SCV  
  23  2:36  Supply Depot  
  24  2:42  Widow Mine  
  24  2:43  SCV  
  27  2:51  Marine x2  
  28  2:55  SCV  
  30  3:04  Widow Mine  
  32  3:06  Medivac  
  32  3:07  SCV  
  32  3:09  Marine x2  
  37  3:19  SCV  
  38  3:27  Factory Tech Lab  
  38  3:30  Orbital Command  
  38  3:31  SCV  
  38  3:32  Marine x2  
  41  3:38  Starport Tech Lab  
  41  3:43  SCV  
  41  3:45  Siege Tank  
  41  3:47  Barracks  
  45  3:55  SCV  
  45  3:56  Orbital Command  
  46  4:06  Marine x2  
  46  4:08  SCV  
  49  4:11  Raven  
  49  4:15  Barracks  
  49  4:16  Supply Depot  
  51  4:20  SCV  
  51  4:23  SCV  
  52  4:32  SCV  
  52  4:35  SCV  
  52  4:37  Siege Tank  
  57  4:41  Bunker  
  57  4:44  Supply Depot, SCV  
  57  4:45  Marine x2  
  60  4:49  SCV  
  61  4:56  SCV  
  61  4:58  Marauder  
  62  5:03  Stimpack  
  62  5:06  SCV  
  61  5:07  Starport Reactor  
  61  5:08  SCV  
  59  5:17  Marine x2, Refinery  
  59  5:18  SCV  
  59  5:19  Engineering Bay  
  59  5:20  SCV  
  63  5:22  Supply Depot  
  63  5:25  Combat Shield  
  63  5:27  Marine x2  
  65  5:30  SCV, Refinery  
  65  5:32  SCV  
  67  5:35  Marine x2  
  67  5:39  Supply Depot  
  67  5:42  Factory Reactor, SCV  
  70  5:44  Terran Infantry Weapons Level 1, SCV  
  70  5:46  Marine x2, Supply Depot  
  73  5:54  SCV  
  73  5:55  Marine  
  75  5:59  Marine  
  76  6:04  Marauder  
  76  6:06  Command Center  
  80  6:11  Medivac x2, Marauder  
  84  6:19  Marine x2  
  84  6:20  Widow Mine x2  
  84  6:21  SCV x2  
  92  6:26  Supply Depot  
  92  6:29  Marauder  
  94  6:38  Supply Depot  
  94  6:48  Marauder, Widow Mine x2, SCV  
  94  6:50  Supply Depot  
  94  6:53  SCV  
  102  6:56  Concussive Shells  
  102  6:59  Medivac x2, Marine x2  
  102  7:00  Missile Turret  
  106  7:05  SCV  
  106  7:06  SCV  
  106  7:07  Marauder  
  110  7:13  Widow Mine  
  110  7:15  Widow Mine  
  114  7:16  Barracks  
  114  7:19  Orbital Command  
  114  7:21  SCV  
  115  7:25  Marine x2  
  115  7:26  Marauder  
  119  7:35  SCV x2  
  119  7:37  Viking, Marauder  
  119  7:43  Marine x2  
  121  7:45  Orbital Command  
  121  7:47  Marauder  
  121  7:48  SCV  
  124  7:53  Viking  
  124  7:56  Barracks, SCV  
  129  7:58  Terran Infantry Armor Level 1, Marauder  
  129  8:00  SCV  
  129  8:04  Armory  
  130  8:08  SCV  
  130  8:09  Marauder  
  133  8:17  Marine  
  133  8:20  Marine  
  133  8:24  Orbital Command  
  132  8:30  Barracks Reactor, Supply Depot  
  132  8:33  Medivac  
  133  8:43  Supply Depot  
  133  8:44  Supply Depot  
  133  8:47  Barracks Tech Lab  
  133  8:51  Medivac, Marine x2  
  133  8:52  Marauder x2  
  141  8:59  Supply Depot  
  141  9:04  SCV x3  
  141  9:06  Marauder  
  141  9:07  Marine x2, Medivac  
  141  9:09  Marine  
  151  9:13  Marine, Marauder  
  151  9:14  Marauder  
  151  9:16  SCV  
  157  9:21  Medivac  
  159  9:25  Marine  
  159  9:29  Marine x2, Marauder  
  147  9:31  Marine  
  147  9:34  Marauder  
  147  9:35  Marauder  
  147  9:36  SCV x3  
  154  9:43  Marine  
  155  9:47  Marine x2  
  155  9:48  SCV  
  155  9:49  Marine, SCV x2  
  155  9:50  Marauder  
  155  9:52  Terran Infantry Weapons Level 2  
  163  9:53  Ghost Academy  
  163  10:00  Medivac  
  165  10:09  Refinery  
  165  10:11  Supply Depot, Refinery  
  165  10:12  Supply Depot  
  165  10:16  Missile Turret, Supply Depot  
  165  10:19  Missile Turret  
  165  10:24  Supply Depot  
  165  10:32  Ghost x2  
  165  10:33  Ghost, Widow Mine x2  
  165  10:34  Medivac  
  177  10:38  Marine x4  
  177  10:40  Viking  
  181  10:54  Sensor Tower  
  181  11:00  Ghost, Starport  
  182  11:04  Viking  
  182  11:08  Ghost  
  179  11:14  Viking  
  179  11:18  Command Center  
  181  11:20  Marauder  
  167  11:30  Marauder, Marine x2  
  167  11:31  Marine  
  137  11:34  Viking  
  137  11:37  Marauder  
  138  11:41  Marine  
  138  11:42  Marauder  
  138  11:44  Viking  
  141  11:48  Marine  
  141  11:51  Marauder, Marine x2  

Tags
 
Add a new tag
Caveats
  • Supply blocks, unpowered buildings, or Contaminate may cause inaccurate times.
  • Supply counts are checked every 10 seconds.